 Dungeon Crawl Stone Soup version 0.22.1-2-g9c5b331 (webtiles) character file.

233 MalarOregon the Ducker (level 6, 0/46 HPs)
             Began as a Merfolk Ice Elementalist on Nov 19, 2018.
             Slain by an ogre
             ... wielding a +0 giant club
              (9 damage)
             ... on level 4 of the Dungeon.
             The game lasted 00:11:11 (4250 turns).

MalarOregon the Ducker (Merfolk Ice Elementalist)   Turns: 4250, Time: 00:11:12

Health: 0/46       AC:  7    Str:  9    XL:     6   Next: 4%
Magic:  2/10       EV: 14    Int: 16    God:
Gold:   114        SH:  0    Dex: 14    Spells: 8/11 levels left

rFire    + . .     SeeInvis .   d - +1 dagger (drain)
rCold    . . .     Gourm    .   (no shield)
rNeg     . . .     Faith    .   m - +2 robe {rF+}
rPois    .         Spirit   .   g - +0 helmet
rElec    .         Reflect  .   (no cloak)
rCorr    .         Harm     .   c - +0 pair of gloves
MR       .....                  h - +0 pair of boots
Stlth    ++........             (no amulet)
HPRegen  0.15/turn              (no ring)
MPRegen  0.12/turn              (no ring)

@: no status effects
A: change form in water, swift swim, stealthy swim
a: no special abilities


You were on level 4 of the Dungeon.
You were not hungry.

You visited 1 branch of the dungeon, and saw 4 of its levels.

You collected 114 gold pieces.

Inventory:

Hand Weapons
 d - a +1 dagger of draining (weapon)
   (You took it off a goblin on level 3 of the Dungeon)
 q - a +0 trident
   (You took it off Robin on level 3 of the Dungeon)
Armour
 c - a +0 pair of gloves (worn)
   (You found it on level 1 of the Dungeon)
 g - a +0 helmet (worn)
   (You took it off Robin on level 3 of the Dungeon)
 h - a +0 pair of boots (worn)
   (You found it on level 1 of the Dungeon)
 m - a +2 robe of fire resistance (worn)
   (You found it on level 2 of the Dungeon)
Scrolls
 a - a scroll of enchant armour {unknown}
 b - a scroll of remove curse {@r2}
 j - 2 scrolls of fear {unknown}
 k - a scroll of teleportation {@r4}
 l - a scroll of magic mapping {unknown}
 p - a scroll of immolation {unknown}
 s - a scroll of enchant weapon
Potions
 f - 2 potions of curing {@q1}
 i - a potion of might
 n - a potion of heal wounds {@q2}
 o - a potion of agility {unknown}
 t - a potion of cancellation {unknown}
 u - a potion of flight {unknown}
Comestibles
 e - 7 rations {!d}
 r - 2 chunks of flesh


   Skills:
 + Level 2.5 Fighting
 * Level 1.5 Polearms
 + Level 4.3 Dodging
 - Level 2.1 Stealth
 + Level 3.0 Spellcasting
 + Level 1.7 Conjurations
 + Level 4.3 Ice Magic


You had 8 spell levels left.
You knew the following spells:

 Your Spells              Type           Power        Failure   Level  Hunger
a - Freeze                Ice            ###.         3%          1    #......
x - Throw Frost           Conj/Ice       ##....       9%          2    ##.....

Your spell library contained the following spells:

 Spells                   Type           Power        Failure   Level  Hunger
 Ozocubu's Armour         Chrm/Ice       #.......     24%         3    ###....
 Throw Icicle             Conj/Ice       ##......     47%         4    #####..
 Summon Ice Beast         Ice/Summ       #.......     61%         4    #####..


Dungeon Overview and Level Annotations

Branches:
Dungeon (4/15)
 Temple: D:4-7

Altars:
Elyvilon
Okawaru
Qazlal


Message History

Increase (S)trength, (I)ntelligence, or (D)exterity?
You feel clever.
You start resting.
You feel sick. x3
Some of the chunks of flesh in your inventory have rotted away.
You feel sick. x2
You are no longer poisoned.
You start resting.
Your magical contamination has completely faded away.
You start resting.
Some of the chunks of flesh in your inventory have rotted away.
e - 7 rations {!d} (gained 1)
You see here 23 stones.
You open the door.
There is an open door here.
Found an iron altar of Okawaru.
Found 13 gold pieces.
Found 29 bolts and 20 arrows.
Found a ring mail.
You now have 114 gold pieces (gained 13).
Some of the chunks of flesh in your inventory have rotted away.
Found a lumpy dark potion.
An adder comes into view.
An ogre comes into view. It is wielding a giant club.
Found a potion of degeneration.
The helpless adder fails to defend itself.
You hit the adder. You drain the adder! The adder misses you.
Aim: an adder (severely wounded, heavily drained)
You freeze the adder.
You kill the adder!
The ogre shouts!
The ogre hits you with a giant club.
Aim: an ogre, wielding a giant club You freeze the ogre.
Aim: an ogre, wielding a giant club (moderately wounded)
You freeze the ogre. The ogre hits you with a giant club!
Aim: an ogre, wielding a giant club (moderately wounded)
You freeze the ogre. The ogre barely misses you.
Aim: an ogre, wielding a giant club (moderately wounded)
You freeze the ogre. The ogre hits you with a giant club!
* * * LOW HITPOINT WARNING * * *
Aim: an ogre, wielding a giant club (heavily wounded)
You freeze the ogre.
Aim: an ogre, wielding a giant club (severely wounded)
You freeze the ogre. The ogre hits you with a giant club!
* * * LOW HITPOINT WARNING * * *
Aim: an ogre, wielding a giant club (severely wounded)
You freeze the ogre. The ogre closely misses you.
Aim: an ogre, wielding a giant club (almost dead)
You freeze the ogre. The ogre hits you with a giant club!
You die...

...........#...#...
...........##.##..(
##########.......# +
#.............. ##.
#.............. ....
#.............. #...!##
#..............
.......##..............
......O@.........##.##.
...........!.....# .#
.....#...........# .
###.......#####....
+........ ....
#........# ###
+.......##.
#.......#8..


You could see an ogre.

Vanquished Creatures
  A scorpion (D:4)
  An orc priest (D:3)
  Robin (D:3)
  4 adders
  3 worms
  2 dart slugs
  4 leopard geckos (D:3)
  4 orcs
  12 bats
  4 giant cockroaches
  19 goblins
  14 hobgoblins
  2 jackals (D:1)
  3 kobolds
  A ball python (D:3)
  2 frilled lizards
  7 rats
84 creatures vanquished.

Notes
Turn   | Place    | Note
-------+----------+-------------------------------------------
     0 | D:1      | MalarOregon the Merfolk Ice Elementalist began the quest
                  | for the Orb.
     0 | D:1      | Reached XP level 1. HP: 13/13 MP: 3/3
   163 | D:1      | Reached XP level 2. HP: 17/20 MP: 1/5
   291 | D:1      | Reached skill level 1 in Fighting
   789 | D:1      | Reached XP level 3. HP: 26/26 MP: 3/6
   831 | D:1      | Learned a level 2 spell: Throw Frost
  1552 | D:2      | Reached skill level 1 in Conjurations
  1808 | D:2      | Reached XP level 4. HP: 25/33 MP: 0/7
  2441 | D:2      | Found a stormy altar of Qazlal.
  3445 | D:3      | Reached XP level 5. HP: 10/38 MP: 0/9
  3699 | D:3      | Noticed Robin
  3755 | D:3      | Killed Robin
  3981 | D:3      | Found a white marble altar of Elyvilon.
  4154 | D:4      | Reached skill level 1 in Polearms
  4154 | D:4      | Reached XP level 6. HP: 42/46 MP: 4/10
  4217 | D:4      | Found an iron altar of Okawaru.
  4250 | D:4      | Slain by an ogre

Skill      XL: |  1  2  3  4  5 |
---------------+----------------+-----
Dodging        | 3 4 |  4.3
Fighting       | 1 2 |  2.5
Conjurations   | 1 |  1.7
Ice Magic      | 4 |  4.3
Polearms       | 1 |  1.5
Spellcasting   | 3 |  3.0
Stealth        | |  2.1

Action                   |  1- 3 |  4- 6 || total
-------------------------+-------+-------++-------
Melee: Dagger            |    51 |   146 ||   197
       Unarmed           |    25 |       ||    25
 Cast: Freeze            |    62 |    43 ||   105
       Throw Frost       |    10 |    11 ||    21
  Use: Scroll            |       |     7 ||     7
 Stab: Sleeping          |     2 |     5 ||     7
  Eat: Chunk             |     4 |     6 ||    10
       Ration            |       |     1 ||     1
Armor: Robe              |    44 |    41 ||    85
Dodge: Dodged            |    93 |   115 ||   208
